 Dungeon Crawl Stone Soup version 0.21.0-24-g2553a33 (webtiles) character file.

128 Mgcat the Cudgeler (level 4, 0/66 HPs)
             Began as a Troll Fighter on Jan 19, 2018.
             Succumbed to a scorpion's poison
             ... on level 2 of the Dungeon.
             The game lasted 00:02:54 (1354 turns).

Mgcat the Cudgeler (Troll Fighter)                  Turns: 1354, Time: 00:02:55

Health: 0/66       AC:  5    Str: 29    XL:     4   Next: 87%
Magic:  3/3        EV:  8    Int:  4    God:
Gold:   107        SH:  9    Dex: 10    Spells: 3/3 levels left

rFire    . . .     SeeInvis .   q - +0 whip (freeze)
rCold    . . .     Gourm    +   c - +0 shield
rNeg     . . .     Faith    .   b - +0 robe
rPois    .         Spirit   .   (helmet restricted)
rElec    .         Reflect  .   (no cloak)
rCorr    .         Harm     .   (gloves unavailable)
MR       .....                  (boots unavailable)
Stlth    ..........             (no amulet)
HPRegen  0.61/turn              (no ring)
MPRegen  0.08/turn              (no ring)

@: mighty, berserking (expiring), lethally poisoned (0 -> -9), very quick
A: large, unfitting armour, claws 3, fast metabolism 3, gourmand, regeneration
1, shaggy fur 1, tough skin 2
a: no special abilities


You were on level 2 of the Dungeon.
You were very full.

You visited 1 branch of the dungeon, and saw 2 of its levels.

You collected 107 gold pieces.

Inventory:

Hand Weapons
 a - a +0 flail
 q - a +0 whip of freezing (weapon)
Armour
 b - a +0 robe (worn)
 c - a +0 shield (worn)
Scrolls
 g - a scroll of noise {unknown}
 h - a scroll of fog {unknown}
 m - 2 scrolls of teleportation {unknown}
 n - 3 scrolls of identify {unknown}
 o - a scroll of enchant armour {unknown}
 s - a scroll of fear {unknown}
Potions
 i - a potion of curing {unknown}
 j - a potion of invisibility {unknown}
 l - a potion of mutation {unknown}
 p - a potion of lignification {unknown}
 r - a potion of degeneration {unknown}
Comestibles
 f - 12 rations
 k - 6 chunks of flesh


   Skills:
 - Level 2.4 Fighting
 + Level 4.5 Maces & Flails
 - Level 2.4 Dodging
 - Level 2.4 Shields


You had 3 spell levels left.
You didn't know any spells.

Dungeon Overview and Level Annotations

Branches:
Dungeon (2/15)

Altars:


Innate Abilities, Weirdness & Mutations

You are too large for most types of armour.
You have claws for hands.
Your metabolism is lightning-fast.
You like to eat raw meat.
Your natural rate of healing is unusually fast.
You are covered in fur. (AC +1)
You have very tough skin. (AC +2)


Message History

Unknown command.
You hit the scorpion. You freeze the scorpion.
You kill the scorpion!
Your Maces & Flails skill increases to level 4!
* * * LOW HITPOINT WARNING * * *
You feel sick.
Unknown command.
Unknown command.
It was a potion of berserk rage.
A red film seems to cover your vision as you go berserk!
You feel yourself moving faster!
You feel mighty!
* * * LOW HITPOINT WARNING * * *
You feel sick.
You are too berserk!
You feel a strong urge to attack something.
* * * LOW HITPOINT WARNING * * *
You feel sick.
There is an open door here.
You see here a scorpion corpse.
You die...

###.........#####.#
. .....##### #.# .#
.... #.## .. ###
#..# ########.#
.......#.# .⌠...#.#
♣.♣..#.# ♣.⌠@†.#
♣.♣..### .⌠...#
.......# ########


There were no monsters in sight!

Vanquished Creatures
  A scorpion (D:2)
  Terence (D:2)
  An adder (D:2)
  A dart slug (D:1)
  2 leopard geckos
  6 bats
  2 giant cockroaches (D:1)
  5 goblins
  7 hobgoblins
  6 kobolds
  3 frilled lizards
  5 rats
40 creatures vanquished.

Notes
Turn   | Place    | Note
-------+----------+-------------------------------------------
     0 | D:1      | Mgcat the Troll Fighter began the quest for the Orb.
     0 | D:1      | Reached XP level 1. HP: 22/22 MP: 0/0
    36 | D:1      | Reached skill level 2 in Maces & Flails
   129 | D:1      | Reached XP level 2. HP: 29/29 MP: 1/1
   713 | D:1      | Reached skill level 3 in Maces & Flails
   842 | D:1      | Reached XP level 3. HP: 36/36 MP: 2/2
  1148 | D:2      | Noticed Terence
  1173 | D:2      | Killed Terence
  1173 | D:2      | Reached XP level 4. HP: 35/44 MP: 3/3
  1351 | D:2      | Reached skill level 4 in Maces & Flails
  1351 | D:2      | HP: 2/44 [poisoned by a scorpion]
  1354 | D:2      | Succumbed to a scorpion's poison

Skill      XL: |  1  2  3  4 |
---------------+-------------+-----
Maces & Flails | 2 3 4 |  4.5
Fighting       | |  2.4
Dodging        | |  2.4
Shields        | |  2.4

Action                   |  1- 3 |  4- 6 || total
-------------------------+-------+-------++-------
Melee: Flail             |   123 |       ||   123
       Whip              |    19 |    20 ||    39
  Use: Potion            |     1 |     2 ||     3
 Stab: Sleeping          |     2 |       ||     2
  Eat: Chunk             |    17 |     1 ||    18
Armor: Robe              |    40 |     3 ||    43
Dodge: Dodged            |    58 |     5 ||    63
Block: Shield            |    64 |     5 ||    69
